 Dungeon Crawl Stone Soup version 0.22-a0-757-gdba82d8 (webtiles) character file.

51 kae the Firebug (level 3, -3/19 HPs)
             Began as a Tengu Fire Elementalist on July 16, 2018.
             Killed by nerve-wracking pain
             ... invoked by a shadow imp
             ... summoned by Natasha
              (10 damage)
             ... on level 2 of the Dungeon.
             The game lasted 00:02:02 (1266 turns).

kae the Firebug (Tengu Fire Elementalist)           Turns: 1266, Time: 00:02:02

Health: -3/19      AC:  2    Str:  8    XL:     3   Next: 81%
Magic:  2/7        EV: 12    Int: 16    God:
Gold:   58         SH:  0    Dex: 14    Spells: 0/6 levels left

rFire    . . .     SeeInvis .   g - -1 hand axe (curse)
rCold    . . .     Gourm    .   (no shield)
rNeg     . . .     Faith    .   a - +0 robe
rPois    .         Spirit   .   (helmet restricted)
rElec    .         Reflect  .   (no cloak)
rCorr    .         Harm     .   (no gloves)
MR       .....                  (boots unavailable)
Stlth    ++........             (no amulet)
HPRegen  0.06/turn              (no ring)
MPRegen  0.10/turn              (no ring)

@: slowed, very slow
A: beak, talons 3
a: no special abilities


You were on level 2 of the Dungeon.
You were not hungry.

You visited 1 branch of the dungeon, and saw 2 of its levels.

You collected 58 gold pieces.

Inventory:

Hand Weapons
 g - a cursed -1 hand axe (weapon)
Armour
 a - a +0 robe (worn)
Scrolls
 b - a scroll of magic mapping {unknown}
 d - a scroll of identify {unknown}
 e - a scroll of enchant weapon {unknown}
 f - a scroll of amnesia {unknown}
Comestibles
 c - a ration


   Skills:
 - Level 2.1 Dodging
 - Level 2.0 Stealth
 + Level 2.4 Spellcasting
 + Level 2.6 Conjurations
 * Level 4.3 Fire Magic


You couldn't memorise any spells.
You knew the following spells:

 Your Spells              Type           Power        Failure   Level  Hunger
a - Flame Tongue          Conj/Fire      ##...        4%          1    #......
b - Throw Flame           Conj/Fire      ##....       7%          2    ###....
c - Conjure Flame         Conj/Fire      ##......     14%         3    ###....

Your spell library contained the following spells:

 Spells                   Type           Power        Failure   Level  Hunger
 Fireball                 Conj/Fire      ##........   78%         5    ######.
 Sticky Flame             Conj/Fire      ##......     43%         4    #####..
 Inner Flame              Hex/Fire       #.......     24%         3    ###....


Dungeon Overview and Level Annotations

Branches:
Dungeon (2/15)

Altars:

Annotations:
D:2 Natasha


Innate Abilities, Weirdness & Mutations

You have a beak for a mouth.
You have claws for feet.


Message History

Natasha mumbles some strange words.
Casting: Flame Tongue (safe; 4% risk of failure)
Confirm with . or Enter, or press ? or * to list all spells.
Aiming: Flame Tongue (safe; 4% risk of failure)
Press: ? - help, Shift-Dir - straight line, f/p - Natasha
Aim: Natasha (lightly wounded)
The flame tongue misses the shadow imp.
The flame tongue misses Natasha.
The shadow imp closely misses you.
Casting: Flame Tongue (safe; 4% risk of failure)
Confirm with . or Enter, or press ? or * to list all spells.
Aiming: Flame Tongue (safe; 4% risk of failure)
Press: ? - help, Shift-Dir - straight line, f/p - Natasha
Aim: Natasha (lightly wounded)
The flame tongue hits the shadow imp.
The shadow imp is severely wounded.
Natasha growls.
The shadow imp gestures at you. Pain shoots through your body!
Ouch! That really hurt!
You die...

### ... ...
#.##############
#.#...)........#
#.#.##########.#
#####.#.#.......[#.###.#.
†..........?....@5h......
#####.#.#.######.#.###.#.
#####.#.#.# #.#.#
...#.#.#[######.#.#
#.#.#.#......[<#.#
###...)..(...(.#.#.#
....#.#)......)..#.#
###.#.########)###.#
#.#..............#


You could see Natasha and a shadow imp.

Vanquished Creatures
  An adder (D:2)
  3 dart slugs
  5 goblins
  9 hobgoblins
  3 kobolds (D:1)
  5 bats (D:1)
  2 frilled lizards
  8 rats
36 creatures vanquished.

Notes
Turn   | Place    | Note
-------+----------+-------------------------------------------
     0 | D:1      | kae the Tengu Fire Elementalist began the quest for the Orb.
     0 | D:1      | Reached XP level 1. HP: 10/10 MP: 4/4
   242 | D:1      | Reached XP level 2. HP: 15/15 MP: 4/6
   272 | D:1      | Learned a level 2 spell: Throw Flame
   581 | D:1      | Reached XP level 3. HP: 14/19 MP: 0/7
   755 | D:1      | Reached skill level 4 in Fire Magic
  1119 | D:2      | Learned a level 3 spell: Conjure Flame
  1257 | D:2      | Noticed Natasha
  1266 | D:2      | Killed from afar by a shadow imp

Vault maps used:
D:1:      lightli_arrival_noodles
D:2:      uniq_natasha, uniq_sigmund

Skill      XL: |  1  2  3 |
---------------+----------+-----
Conjurations   | 2 |  2.6
Fire Magic     | 4 |  4.3
Dodging        | |  2.1
Stealth        | |  2.0
Spellcasting   | |  2.4

Action                   || total
-------------------------++-------
Melee: Unarmed           ||    13
       Kick              ||     6
       Peck              ||     2
       Hand axe          ||     5
 Cast: Flame Tongue      ||    53
       Throw Flame       ||     1
  Eat: Chunk             ||     2
Armor: Robe              ||     6
Dodge: Dodged            ||    25

Table legend:
 A = Spawn XP
 B = Non-spawn XP
 C = Spawn XP percentage of total XP
 D = Spawn monster count
 E = Non-spawn monster count
 F = Spawn count percentage of total count
 G = Total turns spent on level
                    A         B        C        D         E        F      G
               +---------+---------+-------+---------+---------+-------+---------
         Total |       0 |      73 |   0.0 |       0 |      36 |   0.0 |  1266
               +---------+---------+-------+---------+---------+-------+---------
           D:1 |       0 |      46 |   0.0 |       0 |      27 |   0.0 |  1111
           D:2 |       0 |      27 |   0.0 |       0 |       9 |   0.0 |   155
               +---------+---------+-------+---------+---------+-------+---------
